AoeStats
← ecerva.27

Arabia

505050754Analyzed
1v1 RM · 25d ago on Sep 7, 2026· 42m 47s· 2 players
Game mode
Random Map
Map size
Tiny (2 player)
Population
200
Speed
Normal
Resources
Standard
Victory
Conquest
Starting age
Dark Age
Ending age
Imperial Age
RankedLock teamsTeams togetherTeam positionsShared explorationLock speedFull tech treeHidden civsTurbo modeCheats
Victory
Defeat
🇫🇮 Tatars · Finland
1182
+18
🇲🇽 Inca · Mexico
1215
-18
FVRIVS
7:06 Loom
9:23 Feudal Age
9:45 Man-at-Arms
10:14 Double-Bit Axe
13:44 Fletching
16:31 Padded Archer Armor
16:17 Horse Collar
22:43 Castle Age
20:46 Gold Mining
22:07 Wheelbarrow
22:08 Bloodlines
22:27 Scale Barding Armor
23:34 Bow Saw
23:25 Heavy Plow
23:53 Bodkin Arrow
24:36 Husbandry
26:09 Leather Archer Armor
27:48 Chain Barding Armor
28:02 Ballistics
35:45 Forging
41:23 Imperial Age
39:52 Iron Casting
42:24 Hand Cart
42:11 Bracer
42:56 Gold Shaft Mining
42:14 Stone Mining
ecerva.27
4:24 Loom
6:25 Loom
9:12 Feudal Age
11:04 Double-Bit Axe
13:11 Fletching
18:05 Wheelbarrow
19:09 Horse Collar
22:35 Castle Age
20:35 Champi Runner
21:36 Gold Mining
22:43 Crossbowman
23:38 Scale Mail Armor
24:59 Bodkin Arrow
25:01 Champi Warrior
30:48 Pikeman
34:04 Thumb Ring
35:52 Chain Mail Armor
35:48 Forging
41:14 Imperial Age
Connection lost

Rejoining the realm…

Still unreachable

The connection could not be restored.

Session expired

The server has moved on; the page needs a fresh start.